 Dungeon Crawl Stone Soup version 0.31.0-11-ge490571c62 (webtiles) character file.

Game seed: 9229066154656573249

4806 Gadfly the Ruffian (level 10, -1/76 HPs)
             Began as a Demonspawn Monk on Jan 28, 2024.
             Was a Believer of Ru.
             Slain by a yak (14 damage)
             ... on level 8 of the Dungeon.
             The game lasted 00:20:40 (10881 turns).

Gadfly the Ruffian (Demonspawn Monk)               Turns: 10881, Time: 00:20:41

Health: -1/76      AC:  7    Str: 23    XL:     10   Next: 24%
Magic:  10/10      EV: 15    Int: 10    God:    Ru [**....]
Gold:   1453       SH:  5    Dex: 15    Spells: 9/9 levels left

rFire   . .          .
                       - Unarmed
rCold   . . .        (no shield)
rNeg    . . .        a - +0 robe
rPois   +            m - +0 helmet
rElec   .            (no cloak)
rCorr   .            h - +0 pair of gloves
SInv    .            e - +0 pair of boots
Will    .....        r - amulet of reflection Stlth
                     b - ring of poison resistance
HPRegen 0.32/turn    B - +6 ring of strength
MPRegen 0.12/turn

%: reflection
@: no status effects
A: icy blue scales 1, demonic guardian 2, augmentation 1, no stealth, inability
to train armour, weakness stinger 2
a: Renounce Religion


You were on level 8 of the Dungeon.
You worshipped Ru.
Ru was pleased with you.
You visited 2 branches of the dungeon, and saw 10 of its levels.

You collected 1610 gold pieces.
You spent 157 gold pieces at shops.

Inventory:

Hand Weapons
 q - a +2 dagger of venom
 C - a +3 long sword
Armour
 a - a +0 robe (worn)
 c - an orb of light
 e - a +0 pair of boots (worn)
 h - a +0 pair of gloves (worn)
 m - a +0 helmet (worn)
Jewellery
 b - a ring of poison resistance (left hand)
 r - an amulet of reflection (around neck)
 B - a +6 ring of strength (right hand)
Wands
 p - a wand of digging (14)
 v - a wand of paralysis (3)
 w - a wand of polymorph (9)
 x - a wand of mindburst (8) (quivered)
 y - a wand of roots (8)
 A - a wand of light (8)
Scrolls
 l - 5 scrolls of teleportation
 o - 2 scrolls of enchant armour
 s - a scroll of poison
 t - a scroll of vulnerability
 z - a scroll of fog
Potions
 d - 3 potions of heal wounds
 f - 2 potions of might
 g - 3 potions of curing
 i - a potion of ambrosia
 j - a potion of mutation
 k - a potion of haste
 n - a potion of attraction
 u - 2 potions of berserk rage


   Skills:
 + Level 6.1 Fighting
 * Level 6.3 Dodging
 * Level 7.3 Unarmed Combat
 * Level 6.3 Evocations
 * Level 6.7 Shapeshifting


You had 9 spell levels left.
You didn't know any spells.
Your spell library contained the following spells:

 Spells                   Type           Power      Damage    Failure   Level
 Cause Fear               Hex            0%         N/A       98%         4
 Alistair's Intoxication  Alch           0%         N/A       100%        5
 Borgnjor's Vile Clutch   Necr/Erth      0%         N/A       100%        5
 Fireball                 Conj/Fire      0%         3d3       100%        5
 Eringya's Noxious Bog    Alch           0%         4d6       100%        6
 Dragon's Call            Summ           0%         N/A       100%        9


Dungeon Overview and Level Annotations

Branches:
Dungeon (9/15)             Temple (1/1) D:7
   Lair: D:8-11         Orc: D:9-12

Altars:
Ashenzari
Cheibriados
Fedhas
Gozag
Hepliaklqana
Kikubaaqudgha
Makhleb
Nemelex Xobeh
Qazlal
Ru
Sif Muna
Trog
Uskayaw
Vehumet
Wu Jian
Xom
Yredelemnul

Shops:
D:1 ?   D:2 [   D:5 ?   D:6 *   D:7 [

Annotations:
D:4 3 runed translucent doors, uncleiroh's ghost, amateur GrBe
D:6 2 runed translucent doors, SnakkuSnakku7's ghost, novice DjHu
Temple 2 transporters


Innate Abilities, Weirdness & Mutations

You are partially covered in icy blue scales. (AC +2)
A demonic guardian rushes to your aid.
Your magical and physical power is slightly enhanced at high health.
You cannot be stealthy.
You cannot train Armour skill.
You have a tail ending in a sharp stinger.


Message History

The yak is severely wounded.
The yak gores you. The yak gores you! The yak gores you.
You punch the yak!
You kill the yak!
You punch the yak! You tail-slap the yak. You punch the yak.
The yak is heavily wounded.
The yak gores you but does no damage. x2
You punch the yak!
The yak is almost dead.
You block the yak's attack. The yak gores you. The yak gores you!
Unknown command.
The yak attacks as it pursues you! The yak misses you.
There is a stone staircase leading up here.
The yak attacks as it pursues you! The yak gores you but does no damage.
There is an open door here.
The yak attacks as it pursues you! The yak gores you!
You focus your inner power and illuminate the yak in retribution!
You are too injured to fight recklessly!
You are too injured to fight recklessly!
You are too injured to fight recklessly!
You are too injured to fight recklessly!
You are too injured to fight recklessly!
You are too injured to fight recklessly!
You punch the yak!
You tail-slap the yak, but do no damage.
The yak is lightly wounded.
The yak gores you!
* * * LOW HITPOINT WARNING * * *
A demonic guardian appears!
You focus your inner power and blind the yak in retribution!
Your hellwing hits the yak. x2
Your hellwing hits the yak!
Your hellwing barely misses the yak.
There is a stone staircase leading up here.
You block the yak's attack.
You climb upwards.
There is a stone staircase leading down here.
You punch the yak!
The yak is severely wounded.
The yak gores you!
You die...

#.....##.#####.###.#
#.)...##.# #.# #.# #........#
#.# #.# ####...##...# #.# #.#
#.........#.# #.# #.#
..........#.## ##.# #.#
.....>....#..###..# #.#
..........##....Y####.#
....#########...@...#.#
....#########.#######.#
............#.#...# #.#####
............#.#.#.# #.....#
............#.....# #####.#
............###.### #...#
............###.# #.######
.............##.# #.#....#
.............##.#######.#.#.##


You could see a yak (blind, unable to see you, corona).

Vanquished Creatures
  10 yaks
  2 wyverns
  Menkaure (D:6)
  A water moccasin (D:9)
  An orc warrior (D:8)
  A sky beast (D:7)
  2 centaurs
  3 kobold brigands
  3 bullfrogs
  A scorpion (D:4)
  A burial acolyte (D:5)
  5 wights (D:7)
  3 killer bees (D:9)
  A howler monkey (D:7)
  2 bombardier beetles
  2 jellies
  2 orc priests (D:8)
  2 hounds (D:5)
  5 iguanas
  3 orc wizards
  3 gnolls (D:5)
  11 adders
  4 shadow imps
  An ufetubus (D:4)
  3 adder zombies (D:5)
  7 dart slugs
  3 ribbon worms
  35 orcs
  7 ball pythons
  5 bats
  6 endoplasms
  4 giant cockroaches
  7 goblins
  2 hobgoblins
  4 quokkas
  2 frilled lizards
  23 kobolds
  4 kobold zombies (D:5)
  8 rats
190 creatures vanquished.

Vanquished Creatures (collateral kills)
  Grinder (D:4)
  2 yaks (D:7)
  An ogre (D:4)
  A bullfrog (D:8)
  An orc priest (D:4)
  A sleepcap (D:5)
  2 orc wizards (D:8)
  5 gnolls
  An adder (D:6)
  An ufetubus (D:4)
  4 orcs
20 creatures vanquished.

Grand Total: 210 creatures vanquished

Notes
Turn   | Place    | Note
-------+----------+-------------------------------------------
     0 | D:1      | Gadfly the Demonspawn Monk began the quest for the Orb.
     0 | D:1      | Reached XP level 1. HP: 18/18 MP: 1/1
   132 | D:1      | Gained mutation: You are partially covered in icy blue
                  | scales. (AC +2) [demonic ancestry]
   132 | D:1      | Reached XP level 2. HP: 13/24 MP: 2/2
   142 | D:1      | Reached skill level 1 in Evocations
   365 | D:1      | Reached skill level 1 in Shapeshifting
   541 | D:1      | Found a faded altar of an unknown god.
   548 | D:1      | Gained mutation: A weak demonic guardian rushes to your
                  | aid. [demonic ancestry]
   548 | D:1      | Reached XP level 3. HP: 24/29 MP: 3/3
  1016 | D:1      | Found The Oracle's Delphic Readings.
  1022 | D:1      | Bought a scroll of identify for 20 gold pieces
  1390 | D:2      | Reached skill level 3 in Unarmed Combat
  1500 | D:2      | Found Igath's Armour Boutique.
  1767 | D:2      | Gained mutation: You have a small tail. [demonic ancestry]
  1767 | D:2      | Reached XP level 4. HP: 33/35 MP: 4/4
  3679 | D:4      | Gained mutation: You have a tail ending in a sharp stinger.
                  | [demonic ancestry]
  3679 | D:4      | Reached XP level 5. HP: 41/41 MP: 5/5
  3826 | D:4      | Found a runed translucent gate.
  3826 | D:4      | Found a runed translucent gate.
  3827 | D:4      | Found a runed translucent gate.
  3827 | D:4      | Noticed uncleiroh's ghost (amateur GrBe)
  4295 | D:4      | Gained mutation: A demonic guardian rushes to your aid.
                  | [demonic ancestry]
  4295 | D:4      | Reached XP level 6. HP: 20/47 MP: 6/6
  4754 | D:4      | Noticed Grinder
  4778 | D:4      | Killed Grinder
  4779 | D:4      | Gained mutation: Your magical and physical power is
                  | slightly enhanced at high health. [demonic ancestry]
  4779 | D:4      | Reached XP level 7. HP: 24/52 MP: 7/7
  5133 | D:4      | Found a radiant altar of Vehumet.
  5133 | D:4      | Found a broken altar of Ashenzari.
  5182 | D:4      | Found a sacrificial altar of Ru.
  5184 | D:4      | Found a sparkling altar of Nemelex Xobeh.
  5186 | D:4      | Found a burning altar of Makhleb.
  5189 | D:4      | Became a worshipper of Ru the Awakened
  5313 | D:4      | Gained mutation: You cannot be stealthy. [Ru sacrifice]
  5437 | D:5      | Entered Level 5 of the Dungeon
  5502 | D:5      | Found Iptokk's Magic Scroll Shoppe.
  5530 | D:5      | Reached skill level 4 in Unarmed Combat
  5994 | D:5      | Identified a scroll of acquirement
  5994 | D:5      | Acquired 1116 gold pieces
  6503 | D:5      | Found an ancient bone altar of Kikubaaqudgha.
  6512 | D:5      | Reached XP level 8. HP: 60/60 MP: 8/8
  6660 | D:5      | Bought a scroll of enchant armour for 97 gold pieces
  6777 | D:1      | Bought a scroll of poison for 40 gold pieces
  7409 | D:6      | Found a runed translucent door.
  7412 | D:6      | Noticed SnakkuSnakku7's ghost (novice DjHu)
  7431 | D:6      | Noticed Menkaure
  7432 | D:6      | Found a runed translucent door.
  7449 | D:6      | Killed Menkaure
  7596 | D:6      | Found a hide-covered altar of Uskayaw.
  7716 | D:6      | Found Ostri's Serpentskin Sales.
  7719 | D:6      | Reached skill level 5 in Unarmed Combat
  7900 | D:6      | Found a blossoming altar of Fedhas.
  8012 | D:7      | Reached skill level 5 in Shapeshifting
  8022 | D:7      | Reached skill level 5 in Dodging
  8029 | D:7      | Reached skill level 5 in Fighting
  8029 | D:7      | Reached XP level 9. HP: 22/68 MP: 9/9
  8038 | D:7      | Reached skill level 5 in Evocations
  8333 | D:7      | Reached skill level 6 in Unarmed Combat
  8368 | D:7      | Found a snail-covered altar of Cheibriados.
  8369 | D:7      | Found Cheibriados's Comfort Zone.
  8413 | D:7      | Gained mutation: You cannot train Armour skill. [Ru
                  | sacrifice]
  8413 | D:7      | Reached * piety under Ru
  8413 | D:7      | Reached ** piety under Ru
  8571 | D:7      | Found a staircase to the Ecumenical Temple.
  8596 | Temple   | Found a transporter.
  8596 | Temple   | Found a transporter.
  8596 | Temple   | Found a transporter.
  8596 | Temple   | Found a transporter.
  8596 | Temple   | Entered the Ecumenical Temple
  9818 | D:8      | Found the +3 Elemental Staff {ele, rElec rF+ rC+ AC+3}
  9863 | D:8      | HP: 2/69 [orc warrior/+0 long sword (10)]
 10292 | D:8      | Reached skill level 7 in Unarmed Combat
 10292 | D:8      | Reached XP level 10. HP: 68/76 MP: 10/10
 10881 | D:8      | Slain by a yak

Illustrated notes

Levels and vault maps discovered:
D:1:      dpeg_arrival_simpleton_a, layout_basic,
          shapermc_ecumenical_altar_flowoftime, nicolae_nh_oracle_at_delphi
D:2:      layout_basic, basic_altar, serial_shops, shop, fountainhead,
          grunt_decor_junction, kennysheep_small_spiral, minmay_ruptured
D:3:      cheibrodos_old_hovel, layout_basic, serial_co_window_serial,
          co_window_paths_a, co_window_paths_a, co_window_corner_a,
          co_window_corner_a, co_window_of_opportunity_a,
          co_window_of_opportunity_a, co_window_2corner,
          co_window_of_opportunity_b, co_window_cross_2, co_window_4corner_a,
          glass_columns_a, glass_columns_c, glass_columns_c, glass_columns_c,
          glass_columns_a
D:4:      layout_loops_corners, chequers_temple_overflow_minitemple,
          gammafunk_ghost_nasty_kobolds, cheibrodos_sewer_entry_bend,
          uniq_grinder
D:5:      layout_basic, regret_index_kikubaaqudgha_part_by_part, serial_shops,
          shop, kennysheep_small_circle
D:6:      layout_cave_pools, mainiacjoe_overflow_alcove_2,
          mainiacjoe_overflow_concentric_impassable, ebering_ghost_sewer_f,
          guppyfry_shop_venom, uniq_menkaure
D:7:      layout_basic, minmay_temple_entry_mini_moons, minmay_shop_chei
D:8:      layout_basic, minmay_statues_item
D:9:      layout_gridville, nicolae_overflow_hidden_temple, enter_bailey_4
Temple:   hellmonk_temple_divided_pantheon

Skill      XL: |  1  2  3  4  5  6  7  8  9 10 |
---------------+-------------------------------+-----
Evocations     | 1 2 3 4 5 6 |  6.3
Shapeshifting  | 1 2 3 4 5 6 |  6.7
Dodging        | 3 4 5 6 |  6.3
Unarmed Combat | 3 4 5 7 |  7.3
Fighting       | 4 5 6 |  6.1

Action                     |  1- 3 |  4- 6 |  7- 9 | 10-12 || total
---------------------------+-------+-------+-------+-------++-------
  Melee: Unarmed           |   142 |   202 |   425 |    42 ||   811
         Tailslap          |       |    29 |    79 |    11 ||   119
         Punch             |       |     1 |    17 |     3 ||    21
         Hand axe          |       |       |     1 |       ||     1
 Invoke: Sacrifice Stealth |       |       |     1 |       ||     1
         Sacrifice Durabil |       |       |     1 |       ||     1
  Evoke: Wand              |       |       |     1 |       ||     1
    Use: Scroll            |     3 |     8 |     3 |       ||    14
         Potion            |     1 |     1 |     3 |       ||     5
   Stab: Invisible         |       |       |     2 |       ||     2
 Armour: Robe              |    70 |    95 |   188 |    26 ||   379
  Dodge: Dodged            |    76 |   108 |   213 |    23 ||   420
  Block: Other             |       |       |    38 |    11 ||    49
         Reflection        |       |       |     2 |     1 ||     3
